 Dungeon Crawl Stone Soup version 0.29-a0-982-gaed3a0c8d8 (webtiles) character file.

Game seed: 11099570199178883705

26373 ytrimaz the Fighter (level 12, -4/105 HPs)
             Began as a Demonspawn Berserker on Aug 1, 2022.
             Was an Elder of Trog.
             Slain by a cyan ugly thing (17 damage)
             ... on level 12 of the Dungeon.
             The game lasted 00:28:44 (12561 turns).

ytrimaz the Fighter (Demonspawn Berserker)         Turns: 12561, Time: 00:28:45

Health: -4/105     AC: 12    Str: 22    XL:     12   Next: 97%
Magic:  12/12      EV: 11    Int:  9    God:    Trog [****..]
Gold:   777        SH:  0    Dex: 13    Spells: 11/11 levels left

rFire   . . .      SeeInvis .     - Unarmed
rCold   + . .      Faith    .   (no shield)
rNeg    . . .      Spirit   .   D - +2 scale mail {rC+}
rPois   .          Reflect  .   (helmet restricted)
rElec   .          Harm     .   b - +0 cloak
rCorr   .          Rampage  .   (gloves unavailable)
Will    .....                   (no boots)
Stlth   ..........              y - amulet of regeneration
HPRegen 1.07/turn               (no ring)
MPRegen 0.13/turn               (no ring)

@: no status effects
A: antennae 2, claws 3, hooves 1, powered by death 2, demonic magic 1
a: Renounce Religion, Berserk, Trog's Hand, Brothers in Arms


You were on level 12 of the Dungeon.
You worshipped Trog.
Trog was greatly pleased with you.
You visited 2 branches of the dungeon, and saw 13 of its levels.
You also visited: Ice Cave.

You collected 957 gold pieces.
You spent 180 gold pieces at shops.

Inventory:

Missiles
 q - 2 throwing nets
Armour
 b - a +0 cloak (worn)
 h - the +5 ring mail "Hyipluharr" {rF+ rC- Stlth+}
   (You found it on level 1 of the Dungeon)

   rF:        It protects you from fire.
   rC:        It makes you vulnerable to cold.
   Stlth:     It makes you more stealthy.
 r - a +0 scale mail of poison resistance
 s - +0 steam dragon scales
 B - a +0 troll leather armour
 D - a +2 scale mail of cold resistance (worn)
Jewellery
 y - an amulet of regeneration (around neck)
 A - an amulet of faith
Wands
 l - a wand of flame (36) (quivered)
 v - a wand of roots (14)
 x - a wand of charming (11)
 E - a wand of mindburst (4)
Scrolls
 a - 8 scrolls of teleportation
 g - 3 scrolls of vulnerability
 i - 2 scrolls of immolation
 j - a scroll of torment
 m - 3 scrolls of blinking
 p - 3 scrolls of enchant armour
 u - 3 scrolls of brand weapon
 C - a scroll of magic mapping
Potions
 c - 7 potions of curing
 d - 4 potions of might
 e - a potion of resistance
 f - a potion of lignification
 k - 2 potions of heal wounds
 n - 2 potions of cancellation
 o - 4 potions of flight
 t - a potion of ambrosia {unknown}
 w - a potion of mutation
 z - a potion of attraction {unknown}


   Skills:
 + Level 13.3 Fighting
 - Level 2.9 Axes
 - Level 0.3 Ranged Weapons
 - Level 10.0 Armour
 - Level 2.4 Dodging
 - Level 12.0 Unarmed Combat


You had 11 spell levels left.
You didn't know any spells.
Your spell library was empty.

Dungeon Overview and Level Annotations

Branches:
Dungeon (12/15)            Temple (1/1) D:4            Lair (0/5) D:11
    Orc (0/2) D:9           IceCv (visited)

Altars:
Ashenzari
Cheibriados
Dithmenos
Fedhas
Gozag
Hepliaklqana
Kikubaaqudgha
Makhleb
Nemelex Xobeh
Okawaru
Qazlal
Ru
Sif Muna
Trog
Uskayaw
Vehumet
Wu Jian
Xom
Yredelemnul

Shops:
D:6 (   D:9 [[(

Annotations:
D:5 1 runed translucent door
D:6 3 runed translucent doors, xian's ghost, novice OpBr
D:10 1 runed translucent door


Innate Abilities, Weirdness & Mutations

You have a pair of antennae on your head.
You have claws for hands.
You have large cloven feet.
You regenerate health from kills.
Spells you cast may paralyse adjacent enemies.


Message History

Unknown command.
You claw the boulder beetle!
You kick the boulder beetle, but do no damage.
The boulder beetle is moderately wounded.
The vampire mosquito misses you. The cyan ugly thing barely misses you.
The boulder beetle bites you!
You scratch the boulder beetle.
You kick the boulder beetle, but do no damage.
The boulder beetle is moderately wounded.
The vampire mosquito bites you but does no damage.
The cyan ugly thing trunk-slaps you! The cyan ugly thing shocks you!
The vampire mosquito misses you.
You barely miss the boulder beetle.
You kick the boulder beetle, but do no damage.
The boulder beetle is moderately wounded.
The boulder beetle bites you! The vampire mosquito barely misses you.
The cyan ugly thing trunk-slaps you but does no damage.
You claw the boulder beetle!
You kick the boulder beetle, but do no damage.
The boulder beetle is heavily wounded.
The vampire mosquito bites you!
The vampire mosquito draws strength from your injuries!
The boulder beetle bites you! The vampire mosquito barely misses you.
Unknown command.
You scratch the boulder beetle.
The boulder beetle is heavily wounded.
The cyan ugly thing barely misses you. The vampire mosquito bites you.
The vampire mosquito draws strength from your injuries!
The boulder beetle bites you!!
* * * LOW HITPOINT WARNING * * *
You mangle the boulder beetle!! Your kick misses the boulder beetle.
You claw the boulder beetle, but do no damage.
The boulder beetle is severely wounded.
The vampire mosquito bites you.
* * * LOW HITPOINT WARNING * * *
The vampire mosquito draws strength from your injuries!
The cyan ugly thing trunk-slaps you.
* * * LOW HITPOINT WARNING * * *
The cyan ugly thing shocks you!
You die...

#......'......
#......#......
#......#......
#......#....
#..........
#........####+##
#............#
#...yu.......#
##..B@.......# .>
#...........#....
###.......<.#..≈≈
##........≈≈≈≈≈
#..)....≈≈≈≈≈
#....$..>≈≈≈≈
#........#..
#........#
#.......!#


You could see a boulder beetle, a cyan ugly thing and a vampire mosquito.

Vanquished Creatures
  Erica (D:9)
  5 two-headed ogres
  2 manticores
  2 ice statues (IceCv)
  Maggie (D:6)
  4 rime drakes (IceCv)
  2 trolls
  A hornet (D:9)
  A wyvern (D:9)
  4 wraiths
  13 yaks
  2 steam dragons
  5 vampire mosquitoes
  2 acid dragons
  3 water moccasins
  2 sky beasts (D:7)
  3 ice beasts
  A black bear (D:5)
  3 centaurs
  An ogre (D:4)
  4 kobold brigands
  4 phantoms
  4 bullfrogs
  2 gnoll sergeants
  2 necrophages
  2 scorpions
  4 wights (D:8)
  4 lindwurm simulacra (IceCv)
  17 killer bees
  3 howler monkeys (D:9)
  7 komodo dragon simulacra (IceCv)
  6 hounds
  A jelly (D:5)
  4 orc priests
  3 iron imps (D:9)
  12 orc wizards
  7 adders
  7 acid dragon simulacra (IceCv)
  15 gnolls
  10 white imps
  3 steam dragon simulacra (IceCv)
  An ufetubus (D:5)
  3 worms
  3 dart slugs
  28 orcs
  12 endoplasms
  4 goblins
  5 hobgoblins
  14 jackals
  6 quokkas
  2 ball pythons (D:2)
  6 bats
  2 frilled lizards
  A goblin zombie (D:5)
  A jackal skeleton (D:5)
  32 kobolds
  3 rats
302 creatures vanquished.

Vanquished Creatures (collateral kills)
  A white draconian (IceCv)
  4 white imps (D:12)
5 creatures vanquished.

Vanquished Creatures (others)
  2 fungi (D:6)
  3 plants
5 creatures vanquished.

Grand Total: 312 creatures vanquished

Notes
Turn   | Place    | Note
-------+----------+-------------------------------------------
     0 | D:1      | ytrimaz the Demonspawn Berserker began the quest for the
                  | Orb.
     0 | D:1      | Reached XP level 1. HP: 18/18 MP: 1/1
   113 | D:1      | Found a faded altar of an unknown god.
   207 | D:1      | Discovered your monstrous ancestry.
   207 | D:1      | Gained mutation: You have sharp fingernails. [demonic
                  | ancestry]
   207 | D:1      | Reached XP level 2. HP: 24/24 MP: 2/2
   242 | D:1      | HP: 1/24 [jackal (1)]
   607 | D:1      | Reached skill level 1 in Unarmed Combat
   978 | D:1      | Identified the +5 ring mail "Hyipluharr" {rF+ rC- Stlth+}
  1547 | D:1      | Reached ** piety under Trog
  1548 | D:1      | Gained mutation: You have large cloven feet. [demonic
                  | ancestry]
  1548 | D:1      | Reached XP level 3. HP: 29/29 MP: 3/3
  2074 | D:2      | Gained mutation: You have a pair of small antennae on your
                  | head. [demonic ancestry]
  2074 | D:2      | Reached XP level 4. HP: 35/35 MP: 4/4
  3207 | D:3      | Gained mutation: You regenerate a little health from kills.
                  | [demonic ancestry]
  3207 | D:3      | Reached XP level 5. HP: 41/41 MP: 5/5
  3311 | D:4      | Noticed a phantom
  3325 | D:4      | Killed a phantom
  3420 | D:4      | Reached skill level 5 in Unarmed Combat
  3420 | D:4      | Gained mutation: You regenerate health from kills. [demonic
                  | ancestry]
  3420 | D:4      | Reached XP level 6. HP: 28/47 MP: 6/6
  3569 | D:4      | Found a staircase to the Ecumenical Temple.
  3677 | D:4      | Reached *** piety under Trog
  3738 | Temple   | Entered the Ecumenical Temple
  4027 | D:4      | Gained mutation: You have very sharp fingernails. [demonic
                  | ancestry]
  4027 | D:4      | Reached XP level 7. HP: 52/52 MP: 7/7
  4628 | D:5      | Entered Level 5 of the Dungeon
  4955 | D:5      | Reached XP level 8. HP: 55/58 MP: 8/8
  4973 | D:5      | Found an iron altar of Okawaru.
  5002 | D:5      | Identified the +0 leather armour "Upuifaxi" {+Blink}
  5095 | D:5      | Found a runed translucent door.
  5098 | D:5      | Found a basalt altar of Yredelemnul.
  5240 | D:5      | Found a shimmering blue altar of Sif Muna.
  5289 | D:5      | Reached **** piety under Trog
  5661 | D:6      | Found a runed translucent gate.
  5662 | D:6      | Found a runed translucent gate.
  5662 | D:6      | Noticed xian's ghost (novice OpBr)
  5663 | D:6      | Found a runed translucent gate.
  5672 | D:6      | Found Lecuivuf's Antique Weapon Boutique.
  5685 | D:6      | Noticed Maggie
  5702 | D:6      | Killed Maggie
  5703 | D:6      | Reached skill level 10 in Unarmed Combat
  5961 | D:6      | Gained mutation: You have a pair of antennae on your head.
                  | [demonic ancestry]
  5961 | D:6      | Reached XP level 9. HP: 64/64 MP: 9/9
  6040 | D:6      | Found a shimmering altar of Xom.
  6245 | D:6      | Found a blossoming altar of Fedhas.
  6534 | D:7      | Found a shadowy altar of Dithmenos.
  6921 | D:7      | Identified the +2 helmet "Noadeagru" {rF- rC+ rN++}
  7681 | D:8      | Noticed a two-headed ogre
  7687 | D:8      | Killed a two-headed ogre
  7688 | D:8      | Reached skill level 4 in Fighting
  7688 | D:8      | Reached skill level 5 in Armour
  7688 | D:8      | Gained mutation: Spells you cast may paralyse adjacent
                  | enemies. [demonic ancestry]
  7688 | D:8      | Reached XP level 10. HP: 48/71 MP: 10/10
  8027 | D:8      | Found a broken altar of Ashenzari.
  8167 | D:9      | Found Fagoishru's Antique Weapon Shop.
  8391 | D:9      | Noticed Erica
  8411 | D:9      | Killed Erica
  8571 | D:9      | Found a burning altar of Makhleb.
  8585 | D:9      | Reached ***** piety under Trog
  8638 | D:9      | Found a staircase to the Orcish Mines.
  8665 | D:9      | Reached skill level 5 in Fighting
  8905 | D:9      | Found a stormy altar of Qazlal.
  8908 | D:9      | Found a sacrificial altar of Ru.
  8918 | D:9      | Found Amuyvaam's Armour Emporium.
  8928 | D:9      | Bought a +0 troll leather armour for 180 gold pieces
  8995 | D:9      | Found Ryotaq's Antique Armour Boutique.
  9048 | D:10     | Entered Level 10 of the Dungeon
  9192 | D:10     | Noticed a two-headed ogre
  9202 | D:10     | Killed a two-headed ogre
  9203 | D:10     | Reached skill level 6 in Fighting
  9203 | D:10     | Gained mutation: You have claws for hands. [demonic
                  | ancestry]
  9203 | D:10     | Reached XP level 11. HP: 21/81 MP: 11/11
  9230 | D:10     | Found a sparkling altar of Nemelex Xobeh.
  9341 | D:10     | Noticed a two-headed ogre
  9348 | D:10     | Killed a two-headed ogre
  9373 | D:10     | Found a runed translucent door.
  9373 | D:10     | Noticed a flayed ghost
  9373 | D:10     | Noticed a yaktaur captain
  9373 | D:10     | Noticed a deep troll
  9375 | D:10     | Noticed an orc knight
  9375 | D:10     | Identified the +4 broad axe "Mytalul" {protect, rN+}
  9375 | D:10     | Noticed a centaur warrior
  9375 | D:10     | Noticed a harpy
  9375 | D:10     | Noticed a wolf spider
  9375 | D:10     | Noticed a deep troll
 10144 | D:11     | Found a staircase to the Lair.
 10293 | D:11     | Found a shadowy altar of Dithmenos.
 10364 | D:11     | Noticed a two-headed ogre
 10369 | D:11     | Killed a two-headed ogre
 10370 | D:11     | Reached skill level 7 in Fighting
 10501 | D:11     | Reached skill level 10 in Armour
 10606 | D:11     | Reached skill level 8 in Fighting
 10651 | D:11     | Noticed a two-headed ogre
 10674 | D:11     | Killed a two-headed ogre
 11265 | D:11     | Reached skill level 11 in Fighting
 11265 | D:11     | Reached XP level 12. HP: 102/102 MP: 12/12
 11759 | D:12     | Reached skill level 12 in Fighting
 11792 | D:12     | Found a frozen archway.
 11800 | D:12     | Received a gift from Trog
 11815 | D:12     | Noticed a boulder beetle
 11820 | IceCv    | Entered an ice cave
 12426 | IceCv    | Noticed a white draconian
 12442 | IceCv    | Killed a white draconian
 12443 | IceCv    | Reached skill level 13 in Fighting
 12561 | D:12     | Slain by a cyan ugly thing

Illustrated notes

Levels and vault maps discovered:
D:1:      saegor_arrival_under_anarchy, layout_loops_ring,
          dreamdust_ecumenical_altar_statues, dk_noncrumbling_2
D:2:      layout_basic, minivault_27
D:3:      layout_rooms, nicolae_kite_square_tiling_tiny, minmay_misc_feat_room
D:4:      layout_loops_cross, mainiacjoe_overflow_paths,
          minmay_temple_entry_waves, reono_crystal_passage, minmay_vboxes
D:5:      nicolae_cairo_tiling_very_big, layout_basic,
          okawaru_metal_pillars_1_2, mainiacjoe_overflow_concentric_impassable,
          dk_yredelemnul_ordeal, kennysheep_generic_room_11
D:6:      layout_gridville, fedhas_ov_isle_minmay, tgw_xom, serial_shops, shop,
          gammafunk_ghost_nasty_kobolds, uniq_maggie
D:7:      layout_rooms, overflow_temple_1_default
D:8:      layout_gridville, mainiacjoe_overflow_alcove_4,
          minmay_misc_feat_enclosed
D:9:      layout_basic, demons_altar, grunt_temple_overflow_open, serial_shops,
          kennysheep_little_box, nicolae_shop_overgrown_old_shop, shop_statue,
          uniq_erica
D:10:     minmay_gate_of_8, layout_layer_cave, mainiacjoe_overflow_tiny_flanked,
          evilmike_butchery
D:11:     layout_basic, lair_entry_dummy, grunt_dithmenos_smoke_and_mirrors
D:12:     minmay_stepped, layout_gridville, gammafunk_ghost_arena, serial_ice,
          serial_ice_d, serial_ice_l, serial_ice_n, serial_ice_e, serial_ice_g,
          serial_ice_a, portal_ice_cave_entry_imps, hangedman_fish_farm
Temple:   jpeg_temple_alley_garden

Skill      XL: |  1  2  3  4  5  6  7  8  9 10 11 12 |
---------------+-------------------------------------+-----
Dodging        | 2 |  2.4
Unarmed Combat | 1 2 3 5 6 8 10 12 | 12.0
Armour         | 5 8 10 | 10.0
Fighting       | 4 6 11 13 | 13.3
Axes           | |  2.9
Ranged Weapons | |  0.3

Action                   |  1- 3 |  4- 6 |  7- 9 | 10-12 || total
-------------------------+-------+-------+-------+-------++-------
Melee: Hand axe          |    14 |       |       |       ||    14
       Unarmed           |   154 |   123 |   272 |   427 ||   976
       Kick              |    10 |    24 |    53 |   117 ||   204
       Punch             |       |     6 |    10 |    26 ||    42
Invok: Berserk           |     1 |     1 |     3 |     8 ||    13
       Trog's Hand       |       |       |     3 |     4 ||     7
       Brothers in Arms  |       |       |       |     2 ||     2
  Use: Scroll            |     5 |     5 |     7 |     5 ||    22
       Potion            |     4 |       |     1 |     6 ||    11
 Stab: Sleeping          |     5 |       |     2 |       ||     7
Armor: Animal skin       |    18 |       |       |       ||    18
       Ring mail         |    52 |    64 |   169 |    88 ||   373
       Skin              |       |       |       |    17 ||    17
       Troll leather arm |       |       |       |    41 ||    41
       Scale mail        |       |       |       |    35 ||    35
Dodge: Dodged            |   119 |    67 |   177 |   262 ||   625

Table legend: (Time is in decaauts)
 A = Elapsed time spent in this place.
 B = Non-inter-level travel time spent in this place.
 C = Inter-level travel time spent in this place.
 D = Time resting spent in this place.
 E = Time spent auto-exploring this place.
 F = Levels seen in this place.
 G = Mean time per level.
                   A        B        C        D        E       F      G
               +--------+--------+--------+--------+--------+-----+--------+
         Total |  12523 |  11950 |    573 |    870 |   8461 |  14 |  894.5 |
       Dungeon |  11626 |  11057 |    569 |    516 |   8188 |  12 |  968.8 |
        Temple |    167 |    163 |      4 |      0 |    157 |   1 |  167.0 |
      Ice Cave |    729 |    729 |      0 |    354 |    116 |   1 |  729.0 |
               +--------+--------+--------+--------+--------+-----+--------+

Top non-repeatable levels by time:
    D:11: 1598 daAuts
     D:1: 1590 daAuts
     D:4: 1155 daAuts
    D:10: 1119 daAuts
     D:8: 1062 daAuts
     D:2: 1051 daAuts
     D:6: 960 daAuts
     D:5: 874 daAuts
     D:9: 865 daAuts
   IceCv: 729 daAuts
     D:3: 648 daAuts
     D:7: 633 daAuts
  Temple: 167 daAuts
    D:12: 66 daAuts
